Map: Dreamcatcher LE

Players

sOs - Winner!

  • Race: Protoss Protoss
  • Spawn Location: 11:00

HeroMarine

  • Race: Terran Terran
  • Spawn Location: 5:00

Event: 2018 WCS Global Finals

VOD

Have the link to the VOD?

Description

Time

  • Played on: Oct. 28, 2018, 12:59 p.m.
  • Length: 9:52

All games in this series

Show
View Real Time Build Order
Export as new Build Order

sOs Protoss - Winner!

Build Orders: 1 Gate Expand, Blink Stalkers 

Get SALT Encoding   

  12  0:00  Probe  
  13  0:12  Probe  
  14  0:18  Pylon  
  14  0:24  Probe  
  15  0:32  Probe  
  15  0:38  Gateway  
  15  0:40  Probe  
  16  0:47  Assimilator  
  17  0:51  Probe  
  18  1:03  Probe  
  19  1:15  Probe  
  20  1:25  Cybernetics Core  
  20  1:36  Nexus  
  20  1:41  Pylon  
  20  1:44  Probe  
  21  1:52  Adept  
  21  1:53  Assimilator  
  21  1:56  Probe  
  24  2:02  Warp Gate  
  24  2:08  Probe  
  24  2:09  Stalker  
  25  2:21  Probe  
  28  2:23  Pylon  
  28  2:33  Probe  
  28  2:36  Twilight Council  
  29  2:44  Stalker  
  29  2:47  Probe  
  32  2:52  Probe  
  33  2:59  Probe  
  33  3:01  Probe  
  35  3:11  Probe  
  35  3:12  Probe  
  36  3:15  Blink  
  37  3:24  Probe x2  
  38  3:29  Stalker  
  40  3:36  Probe x2  
  42  3:48  Probe x2  
  43  3:56  Gateway  
  43  3:58  Gateway  
  43  4:00  Probe x2  
  43  4:01  Robotics Facility  
  45  4:10  Probe  
  45  4:11  Stalker  
  45  4:12  Probe  
  49  4:18  Probe  
  50  4:25  Probe  
  50  4:26  Probe  
  52  4:37  Probe  
  51  4:40  Nexus  
  51  4:42  Probe  
  51  4:44  Observer  
  51  4:45  Pylon  
  52  4:49  Probe  
  54  4:58  Pylon  
  54  5:01  Forge x2  
  54  5:04  Stalker x3  
  54  5:06  Probe  
  61  5:09  Protoss Ground Weapons Level 1, Protoss Ground Armor Level 1, Observer  
  61  5:12  Pylon  
  62  5:16  Charge  
  62  5:18  Probe  
  62  5:19  Probe  
  64  5:22  Gateway  
  64  5:27  Gateway  
  64  5:31  Gateway  
  64  6:03  Probe  
  65  6:04  Stalker x2  
  65  6:06  Stalker  
  65  6:08  Warp Prism  
  71  6:12  Gateway  
  71  6:13  Gateway  
  71  6:19  Probe  
  71  6:20  Probe x2  
  71  6:23  Pylon  
  74  6:28  Zealot x2  
  74  6:29  Sentry  
  74  6:30  Zealot x3, Observer  
  86  6:37  Observer  
  86  6:42  Pylon  
  86  6:45  Gateway  
  86  6:47  Pylon  
  86  6:49  Photon Cannon  
  86  6:54  Zealot x6  
  98  7:13  Zealot x2  
  102  7:20  Zealot x4  
  102  7:21  Zealot x2  
  114  7:23  Pylon  
  114  7:24  Photon Cannon  
  114  7:29  Protoss Ground Weapons Level 2  
  114  7:30  Protoss Ground Armor Level 2  
  114  7:36  Probe, Pylon  
  115  7:42  Zealot  
  115  7:43  Zealot x3  
  123  7:47  Nexus  
  123  7:53  Zealot  
  123  7:55  Zealot x2  
  123  7:56  Zealot x2  
  123  7:57  Pylon  
  133  8:05  Pylon  
  133  8:10  Pylon  
  133  8:12  Observer  
  131  8:22  Zealot x3  
  131  8:23  Zealot x6  
  129  8:30  Immortal  
  93  8:48  Zealot x9  
  111  9:05  Photon Cannon  
  111  9:07  Immortal  
  111  9:09  Stalker x4  
  119  9:10  Zealot x5  
  133  9:30  Zealot  
  133  9:31  Zealot x4  
  138  9:36  Zealot x2  
  138  9:37  Zealot x2  
Show
View Real Time Build Order
Export as new Build Order

HeroMarine Terran 

Build Orders: Cyclone Opening, Gas First Reaper Expand, Reaper Expand 

Get SALT Encoding   

  12  0:00  SCV  
  13  0:12  SCV  
  14  0:17  Supply Depot  
  14  0:24  SCV  
  14  0:28  Refinery  
  15  0:39  SCV  
  16  0:45  Barracks  
  16  0:51  SCV  
  17  1:03  SCV  
  18  1:15  SCV  
  19  1:33  Reaper, Orbital Command  
  20  1:49  Command Center  
  20  2:01  SCV  
  20  2:02  Factory  
  20  2:06  Barracks Reactor  
  21  2:13  SCV  
  22  2:19  Supply Depot  
  22  2:21  Refinery  
  22  2:25  SCV  
  23  2:40  SCV  
  23  2:44  Supply Depot, Marine x2  
  24  2:46  Cyclone  
  29  2:52  SCV  
  30  3:02  Starport  
  30  3:04  Marine  
  31  3:05  Marine  
  31  3:06  SCV  
  33  3:18  Widow Mine, SCV  
  36  3:23  Marine x2  
  37  3:29  Liberator  
  37  3:30  SCV  
  37  3:41  Marine x2  
  37  3:43  SCV  
  43  3:53  Factory Tech Lab  
  43  3:54  Orbital Command  
  42  3:57  SCV  
  43  4:07  Engineering Bay  
  43  4:09  SCV  
  41  4:17  Barracks  
  41  4:21  SCV x2  
  41  4:23  Stimpack  
  43  4:25  Marauder  
  45  4:33  SCV  
  45  4:34  SCV  
  45  4:38  Factory Tech Lab, Barracks  
  47  4:41  Terran Infantry Weapons Level 1  
  47  4:45  SCV  
  48  4:46  SCV  
  48  4:50  Supply Depot  
  48  4:51  Refinery  
  49  4:59  Missile Turret, Marauder  
  51  5:01  Starport Reactor  
  51  5:04  SCV  
  51  5:05  SCV  
  53  5:07  Factory Reactor  
  53  5:16  SCV  
  53  5:17  SCV  
  53  5:18  Marine x2  
  53  5:20  Marauder  
  59  5:26  Supply Depot  
  60  5:29  Supply Depot  
  60  5:32  Combat Shield  
  61  5:37  Supply Depot  
  61  5:39  Marauder  
  61  5:46  Marine  
  61  5:48  Medivac x2, Marine, Marauder  
  67  5:50  SCV  
  64  6:01  Marauder  
  64  6:04  Marine  
  65  6:05  Marine  
  65  6:10  Marauder  
  69  6:11  Widow Mine x2  
  69  6:14  SCV x2, Barracks x2  
  73  6:20  Medivac  
  73  6:21  Marine  
  76  6:26  SCV x2  
  76  6:27  Medivac  
  76  6:28  Marine x2  
  81  6:34  Supply Depot  
  81  6:38  SCV x2  
  81  6:39  Widow Mine  
  85  6:42  Marine  
  85  6:44  Marine  
  85  6:45  Widow Mine  
  89  6:48  Terran Infantry Armor Level 1  
  89  6:51  SCV x2  
  89  6:52  Refinery  
  89  6:54  Liberator, Marine  
  92  6:56  Marine  
  92  6:57  Supply Depot  
  93  7:03  Marine  
  93  7:08  Widow Mine x2  
  95  7:09  Marauder  
  95  7:14  Marine x2  
  102  7:18  Marine x2  
  102  7:24  Supply Depot, Marine x2  
  102  7:29  Widow Mine x2  
  108  7:32  Marine  
  108  7:34  Concussive Shells  
  108  7:35  Marine, Marauder  
  108  7:36  Marine x2  
  114  7:38  Liberator  
  114  7:42  Supply Depot  
  114  7:43  Marine  
  114  7:44  Marauder  
  117  7:51  Missile Turret  
  117  7:53  Marine x2  
  117  7:54  Marine  
  120  8:02  Marine, Widow Mine x2  
  122  8:06  Marine  
  122  8:07  Marine  
  122  8:09  Marine  
  122  8:11  Marine  
  124  8:15  Marine x2  
  117  8:27  Marine x2  
  117  8:29  Marine x2  
  117  8:31  Marine  
  117  8:33  Liberator, Marine x2  
  91  8:39  Widow Mine  
  91  8:40  Widow Mine  
  87  8:45  Marine x2  
  87  8:47  Marine x2  
  91  8:49  Marine  
  91  8:51  Marine x2  
  93  9:01  Widow Mine  
  95  9:02  Marine  
  95  9:03  Marine  
  95  9:04  Widow Mine  
  95  9:05  Marine  
  95  9:06  Marauder  
  95  9:08  Marauder  
  104  9:10  Marine  
  104  9:11  Marine  
  106  9:20  Marine x2  
  106  9:23  Marine  
  101  9:27  Marauder  
  101  9:29  Marine x3  
  101  9:30  Widow Mine x2  
Tags
 
Add a new tag
Caveats
  • Supply blocks, unpowered buildings, or Contaminate may cause inaccurate times.
  • Supply counts are checked every 10 seconds.